 Dungeon Crawl Stone Soup version 0.27.1-3-gb3d3a73c9e (webtiles) character file.

Game seed: 6455038194511296674

11 Urokeeper the Sneak (level 2, 0/15 HPs)
             Began as a Kobold Enchanter on Oct 27, 2021.
             Slain by a jackal (3 damage)
             ... on level 1 of the Dungeon.
             The game lasted 00:01:20 (531 turns).

Urokeeper the Sneak (Kobold Enchanter)               Turns: 531, Time: 00:01:21

Health: 0/15       AC:  2    Str:  5    XL:     2   Next: 40%
Magic:  5/5        EV: 15    Int: 16    God:
Gold:   0          SH:  0    Dex: 15    Spells: 4/5 levels left

rFire    . . .     SeeInvis .   a - +1 dagger
rCold    . . .     Faith    .   (shield restricted)
rNeg     . . .     Spirit   .   b - +0 robe
rPois    .         Reflect  .   (no helmet)
rElec    .         Harm     .   (no cloak)
rCorr    .         Rampage  .   (no gloves)
Will     .....                  (no boots)
Stlth    ++++......             (no amulet)
HPRegen  0.05/turn              (no ring)
MPRegen  0.09/turn              (no ring)

@: no status effects
A: small, no large weapons, nightstalker 3
a: no special abilities


You were on level 1 of the Dungeon.
You visited 1 branch of the dungeon, and saw 1 of its levels.

Inventory:

Hand Weapons
 a - a +1 dagger (weapon)
Armour
 b - a +0 robe (worn)
Scrolls
 c - a scroll of amnesia {unknown}


   Skills:
 + Level 1.8 Short Blades
 + Level 2.7 Dodging
 + Level 4.2 Stealth
 + Level 2.3 Spellcasting
 + Level 3.1 Hexes


You had 4 spell levels left.
You knew the following spells:

 Your Spells              Type           Power      Damage    Failure   Level
a - Corona                Hex            12%        N/A       5%          1

Your spell library contained the following spells:

 Spells                   Type           Power      Damage    Failure   Level
 Ensorcelled Hibernation  Hex/Ice        12%        N/A       16%         2
 Confusing Touch          Hex            11%        N/A       17%         3
 Tukima's Dance           Hex            11%        N/A       17%         3
 Dazzling Flash           Conj/Hex       12%        N/A       32%         3


Dungeon Overview and Level Annotations

Branches:
Dungeon (1/15)

Altars:


Innate Abilities, Weirdness & Mutations

You are small and have problems with some larger weapons.
You are completely attuned to the shadows.


Message History

A jackal is nearby!
You hear a shout!
A jackal comes into view.
The jackal bites you.
You hit the jackal.
The jackal is heavily wounded.
You hit the jackal but do no damage.
The jackal is heavily wounded.
The jackal barely misses you. The jackal closely misses you.
You hit the jackal but do no damage.
The jackal is moderately wounded.
The jackal misses you. The jackal bites you. The jackal misses you.
You hit the jackal.
The jackal is heavily wounded.
The jackal closely misses you.
A goblin comes into view. It is wielding a +0 dagger.
The jackal barely misses you.
An endoplasm comes into view.
You closely miss the jackal.
The jackal is heavily wounded.
The jackal bites you. The jackal misses you. x2
You barely miss the jackal.
The jackal is heavily wounded.
The jackal closely misses you. x2
You hit the jackal.
The jackal is severely wounded.
The jackal completely misses you. The jackal bites you. x2
The jackal completely misses you. x2
The jackal bites you.
The jackal bites you but does no damage.
The goblin closely misses you. The jackal bites you.
* * * LOW HITPOINT WARNING * * *
The goblin misses you. The jackal closely misses you. The jackal bites you.
* * * LOW HITPOINT WARNING * * *
The jackal misses you. The jackal completely misses you. x2
The jackal bites you.
You die...

# #..# ####8<8###
..#..# ##.........
.....# #8.........
.#######.###...8...8..
...........#8.........
###...####.##.........
#...# #............
#...# #...#########
##..@######## #
#..hhh.# # #......#
###### #..Jg..# #.....
#......# #.....
#......# #.....
+......# #######.....
#......# #...........
...#.### #.#####.....


You could see an endoplasm, 3 jackals and a goblin.

Vanquished Creatures
  A dart slug (D:1)
  An endoplasm (D:1)
  A giant cockroach (D:1)
  A goblin (D:1)
  5 bats (D:1)
9 creatures vanquished.

Notes
Turn   | Place    | Note
-------+----------+-------------------------------------------
     0 | D:1      | Urokeeper the Kobold Enchanter began the quest for the Orb.
     0 | D:1      | Reached XP level 1. HP: 10/10 MP: 3/3
    73 | D:1      | Reached XP level 2. HP: 12/15 MP: 5/5
   418 | D:1      | Found a faded altar of an unknown god.
   531 | D:1      | Slain by a jackal

Illustrated notes

Levels and vault maps discovered:
D:1:      mrwooster_arrival_statue_2, layout_basic,
          hellmonk_ecumenical_altar_zigzags

Action                   || total
-------------------------++-------
Melee: Dagger            ||    32
 Stab: Sleeping          ||     5
Armor: Robe              ||     6
Dodge: Dodged            ||    30
